 Dungeon Crawl Stone Soup version 0.29.0-4-gdea44cf6ec (webtiles) character file.

Game seed: 11366297975011425971

86 qw the Ruffian (level 4, -4/35 HPs)
             Began as a Ghoul Fire Elementalist on Aug 29, 2022.
             Slain by a gnoll
             ... wielding a +0 halberd
              (12 damage)
             ... on level 3 of the Dungeon.
             The game lasted 00:02:28 (3661 turns).

qw the Ruffian (Ghoul Fire Elementalist)            Turns: 3661, Time: 00:02:28

Health: -4/35      AC:  4    Str: 13    XL:     4   Next: 49%
Magic:  5/5        EV: 11    Int: 10    God:
Gold:   156        SH:  0    Dex:  9    Spells: 5/6 levels left

rFire   . . .      SeeInvis .     - Unarmed
rCold   + . .      Faith    .   (no shield)
rNeg    + + +      Spirit   .   e - +0 leather armour
rPois   inf        Reflect  .   (no helmet)
rElec   .          Harm     .   (no cloak)
rCorr   .          Rampage  .   l - +0 pair of gloves
Will    .....                   (no boots)
Stlth   +.........              (no amulet)
HPRegen 0.00/turn               (no ring)
MPRegen 0.09/turn               (no ring)

@: inhibited regen
A: claws 1, cold resistance 1, negative energy resistance 3, inhibited
regeneration, torment resistance 2, devour on kill
a: no special abilities


You were on level 3 of the Dungeon.
You visited 1 branch of the dungeon, and saw 3 of its levels.

You collected 156 gold pieces.


Innate Abilities, Weirdness & Mutations

You are immune to poison.
You have sharp fingernails.
Your flesh is cold resistant. (rC+)
You are immune to negative energy. (rN+++)
You do not regenerate when monsters are visible.
You are immune to unholy pain and torment.
You thrive by killing the living.


   Skills:
 + Level 1.4 Fighting
 - Level 1.7 Dodging
 - Level 2.1 Stealth
 - Level 4.0 Unarmed Combat
 - Level 1.7 Spellcasting
 - Level 0.7 Conjurations
 - Level 2.4 Fire Magic


You had 5 spell levels left.
You knew the following spells:

 Your Spells              Type           Power      Damage    Failure   Level
a - Foxfire               Conj/Fire      16%        2x1d4     22%         1

Your spell library contained the following spells:

 Spells                   Type           Power      Damage    Failure   Level
 Scorch                   Fire           10%        2d6       22%         2
 Conjure Flame            Conj/Fire      4%         6-21      54%         3
 Inner Flame              Hex/Fire       3%         N/A       58%         3
 Flame Wave               Conj/Fire      4%         2d5       91%         4

Inventory:

Missiles
 f - 5 boomerangs (quivered)
Armour
 e - a +0 leather armour (worn)
 l - a +0 pair of gloves (worn)
Scrolls
 a - a scroll of vulnerability {unknown}
 i - 2 scrolls of identify
Potions
 c - a potion of might {unknown}
 j - a potion of curing {unknown}
 k - a potion of heal wounds

Dungeon Overview and Level Annotations

Branches:
Dungeon (3/15)

Altars:


Message History

You kill the orc!
You feel better.
An orc comes into view. It is wielding a +0 whip.
3650 ||| Stepping ~*~*~tactically~*~*~ (stealth).
A gnoll comes into view. It is wielding a +1 spear of freezing.
3651 ||| Stepping ~*~*~tactically~*~*~ (hiding).
3652 ||| Stepping ~*~*~tactically~*~*~ (hiding).
A gnoll comes into view. It is wielding a +0 halberd.
The orc shouts!
You punch the rat!
You kill the rat!
You hear an angry hiss.
The gnoll hits you from afar with a +1 spear of freezing.
The gnoll freezes you.
The gnoll hits you with a +1 spear of freezing.
The gnoll freezes you.
You hit the gnoll but do no damage. The gnoll closely misses you.
You closely miss the gnoll. The gnoll closely misses you. The gnoll misses you.
A ball python comes into view.
The ball python hisses angrily.
You hit the gnoll.
The gnoll is lightly wounded.
The gnoll hits you with a +1 spear of freezing.
The gnoll completely misses you. The orc barely misses you.
You hit the gnoll.
The gnoll is heavily wounded.
A ball python comes into view.
The gnoll misses you. The orc closely misses you. The gnoll closely misses you.
You barely miss the gnoll.
The gnoll is heavily wounded.
The gnoll hits you from afar with a +0 halberd!
The orc closely misses you. The gnoll barely misses you.
You hit the gnoll.
The gnoll is severely wounded.
The gnoll barely misses you. The orc hits you with a +0 whip.
An orc comes into view. It is wielding a +0 mace.
The gnoll hits you from afar with a +0 halberd!
You die...

.. .<. ..####### .....)
#.)######.# #.S#......#
# ##...### # ###o....# #
#.@.....###########
...o.gg####...#.........
.....S# ##....########
....#. ##....# # ... .
##...## # .. ..
......##### # ##
...#........
.####...#.##. ..
##.#.)..


You could see 2 gnolls, 2 orcs and 2 ball pythons.

Vanquished Creatures
  2 adders (D:2)
  2 worms (D:2)
  A dart slug (D:3)
  4 orcs (D:3)
  5 bats
  5 endoplasms
  6 giant cockroaches
  4 goblins (D:1)
  4 hobgoblins
  2 jackals (D:1)
  A kobold (D:1)
  4 quokkas
  6 ball pythons (D:1)
  2 frilled lizards
  3 rats
51 creatures vanquished.

Notes
Turn   | Place    | Note
-------+----------+-------------------------------------------
     0 | D:1      | qw the Ghoul Fire Elementalist began the quest for the Orb.
     0 | D:1      | Reached XP level 1. HP: 14/14 MP: 2/2
     0 | D:1      | 0 ||| qw: Version: 0.1-a-90-g952f4b7
     0 | D:1      | 0 ||| qw: Game counter: 4078
     0 | D:1      | 0 ||| qw: Always use a shield: true
     0 | D:1      | 0 ||| qw: God list: Okawaru
     0 | D:1      | 0 ||| qw: Allow faded altars: false
     0 | D:1      | 0 ||| qw: Do Orc after D:15 true
     0 | D:1      | 0 ||| qw: Do second Lair branch before Depths: true
     0 | D:1      | 0 ||| qw: Lair rune preference: random
     0 | D:1      | 0 ||| qw: Plans: Normal
     0 | D:1      | 0 ||| PLANNING D:1-11
   175 | D:1      | Reached skill level 1 in Unarmed Combat
   451 | D:1      | 451 ||| Stepping ~*~*~tactically~*~*~ (stealth).
   452 | D:1      | 452 ||| Stepping ~*~*~tactically~*~*~ (stealth).
   455 | D:1      | 455 ||| Stepping ~*~*~tactically~*~*~ (stealth).
   456 | D:1      | 456 ||| Stepping ~*~*~tactically~*~*~ (stealth).
   470 | D:1      | HP: 3/15 [ball python (2)]
   526 | D:1      | Reached skill level 1 in Fighting
   526 | D:1      | Reached XP level 2. HP: 8/23 MP: 3/3
   700 | D:1      | HP: 5/23 [jackal (2)]
   959 | D:1      | 959 ||| Stepping ~*~*~tactically~*~*~ (stealth).
  1097 | D:1      | Reached skill level 2 in Unarmed Combat
  1446 | D:1      | Reached XP level 3. HP: 23/28 MP: 4/4
  1711 | D:1      | 1711 ||| Stepping ~*~*~tactically~*~*~ (stealth).
  1758 | D:1      | 1758 ||| UPGRADING to +0 leather armour.
  1768 | D:1      | 1768 ||| DROPPING +0 robe.
  1769 | D:1      | 1769 ||| UPGRADING to +0 pair of gloves.
  1774 | D:1      | 1774 ||| READING scroll labelled TOCE JONYVAXEKK.
  1775 | D:1      | 1775 ||| READING scroll labelled NATUFU YKIRPH.
  1776 | D:1      | 1776 ||| READING scroll labelled GYR AR JYD CUL.
  1777 | D:1      | 1777 ||| READING 2 scrolls labelled BIUCKA BUNUDUQ.
  1778 | D:1      | 1778 ||| READING scroll labelled QEHUN NOIDA.
  1779 | D:1      | 1779 ||| READING scroll labelled EBEFRE UFUY.
  1780 | D:1      | 1780 ||| DRINKING 2 green potions.
  1781 | D:1      | 1781 ||| DROPPING potion of magic.
  2045 | D:2      | Reached skill level 3 in Unarmed Combat
  2350 | D:2      | 2350 ||| Stepping ~*~*~tactically~*~*~ (stealth).
  2351 | D:2      | 2351 ||| Stepping ~*~*~tactically~*~*~ (stealth).
  2361 | D:2      | 2361 ||| Stepping ~*~*~tactically~*~*~ (stealth).
  2530 | D:2      | Found a faded altar of an unknown god.
  2712 | D:2      | Reached XP level 4. HP: 27/35 MP: 5/5
  2811 | D:2      | 2811 ||| Stepping ~*~*~tactically~*~*~ (stealth).
  3279 | D:2      | 3279 ||| READING scroll labelled AGAMUGUEKU.
  3380 | D:2      | 3380 ||| DRINKING 3 yellow potions.
  3381 | D:2      | 3381 ||| READING 2 scrolls of identify.
  3381 | D:2      | 3381 ||| IDENTIFYING fuming amethyst potion
  3382 | D:2      | 3382 ||| DROPPING 2 potions of attraction.
  3383 | D:2      | 3383 ||| DROPPING potion of berserk rage.
  3645 | D:3      | Reached skill level 4 in Unarmed Combat
  3650 | D:3      | 3650 ||| Stepping ~*~*~tactically~*~*~ (stealth).
  3651 | D:3      | 3651 ||| Stepping ~*~*~tactically~*~*~ (hiding).
  3652 | D:3      | 3652 ||| Stepping ~*~*~tactically~*~*~ (hiding).
  3661 | D:3      | HP: 8/35 [orc/+0 whip (1)]
  3661 | D:3      | Slain by a gnoll

Levels and vault maps discovered:
D:1:      dpeg_arrival_pond, layout_rooms, st_stairs_4
D:2:      layout_basic, hellmonk_ecumenical_altar_slurped_away
D:3:      layout_rooms

Skill      XL: |  1  2  3  4 |
---------------+-------------+-----
Unarmed Combat | 1 2 3 4 |  4.0
Fighting       | 1 |  1.4
Dodging        | |  1.7
Stealth        | |  2.1
Spellcasting   | |  1.7
Conjurations   | |  0.7
Fire Magic     | |  2.4

Action                   |  1- 3 |  4- 6 || total
-------------------------+-------+-------++-------
Melee: Unarmed           |   191 |    45 ||   236
       Punch             |     2 |       ||     2
Throw: Boomerang         |       |    12 ||    12
  Use: Scroll            |     6 |     2 ||     8
       Potion            |     1 |     1 ||     2
Armor: Robe              |    13 |       ||    13
       Leather armour    |    34 |    10 ||    44
Dodge: Dodged            |    96 |    25 ||   121

Table legend:
 A = Non-vault XP
 B = Vault XP
 C = Vault XP percentage of total XP
 D = Non-vault monster count
 E = Vault monster count
 F = Vault count percentage of total count
                 A         B        C        D         E       F
            +---------+---------+-------+---------+---------+-------
      Total |     120 |       3 |   2.4 |      49 |       2 |   3.9
            +---------+---------+-------+---------+---------+-------
        D:1 |      40 |       1 |   2.4 |      23 |       1 |   4.2
        D:2 |      58 |       2 |   3.3 |      17 |       1 |   5.6
        D:3 |      22 |       0 |   0.0 |       9 |       0 |   0.0
            +---------+---------+-------+---------+---------+-------
